 Dungeon Crawl Stone Soup version 0.17-a0-1863-g715b4b0 (webtiles) character file.

100097 dpvblackbelt the Eclecticist (level 15, 0/88 HPs)
             Began as a Deep Elf Ice Elementalist on Sept 19, 2015.
             Was the Champion of Vehumet.
             Slain by a siren
             ... wielding a +2 vampiric trident
              (6 damage)
             ... on level 1 of the Shoals on Sept 20, 2015.
             The game lasted 03:11:04 (42205 turns).

dpvblackbelt the Eclecticist (DEIE)                Turns: 42205, Time: 03:11:05

Health: 0/88       AC:  5    Str:  5    XL:     15   Next: 79%
Magic:  22/49      EV: 10    Int: 35    God:    Vehumet [******]
Gold:   731        SH:  0    Dex: 15    Spells: 9 memorised, 8 levels left

rFire  . . .     SeeInvis .     Z - +0 quarterstaff of Pysy {flame, rC+ rN++ MP+9 Int+3}
rCold  + + +     Clarity  +     V - +0 robe {rC+ rF+}
rNeg   + + .     SustAt   .     (no shield)
rPois  +         Gourm    .     (no helmet)
rElec  +         Spirit   .     k - +0 cloak
rCorr  +         Warding  .     d - +0 pair of gloves of the Blessed Realm {rElec rF- Int+5}
rMut   .         Stasis   .     r - +0 pair of boots
MR     +....                    G - amulet "Boinwela" {rCorr rPois}
Stlth  ++........               F - ring of wizardry
                                f - ring of protection from cold

@: held, somewhat resistant to hostile enchantments, unstealthy
A: clarity
a: Renounce Religion


You were on level 1 of the Shoals.
You worshipped Vehumet.
Vehumet was exalted by your worship.
You were not hungry.

You visited 6 branches of the dungeon, and saw 30 of its levels.
You also visited: Ossuary, Bailey and Volcano.

You collected 3174 gold pieces.
You spent 2443 gold pieces at shops.

Inventory:

Hand weapons
 n - the +10 scimitar of Yredelemnul's Favour {freeze, rF+}
   (You found it on level 13 of the Dungeon)

   It has been specially enchanted to freeze those struck by it, causing extra
   injury to most foes and up to half again as much damage against particularly
   susceptible opponents.
   It can also slow down cold-blooded creatures.
   It protects you from fire.
 Z - the +0 quarterstaff of Pysy (weapon) {flame, rC+ rN++ MP+9 Int+3}
   (You found it on level 12 of the Dungeon)

   It has been specially enchanted to burn those struck by it, causing extra
   injury to most foes and up to half again as much damage against particularly
   susceptible opponents.
   It affects your intelligence (+3).
   It protects you from cold.
   It greatly protects you from negative energy.
   It affects your magic capacity (+9).
Armour
 d - the +0 pair of gloves of the Blessed Realm (worn) {rElec rF- Int+5}
   (You found it in a bailey)

   It affects your intelligence (+5).
   It makes you vulnerable to fire.
   It insulates you from electricity.
 k - a +0 cloak (worn)
 r - a +0 pair of boots (worn)
 V - a +0 robe of resistance (worn)
Jewellery
 f - a ring of protection from cold (left hand)
 u - a +4 ring of dexterity {unknown}
 F - a ring of wizardry (right hand)
 G - the amulet "Boinwela" (around neck) {rCorr rPois}
   (You bought it in a shop on level 4 of the Orcish Mines)

   [amulet of resist corrosion]

   It protects you from acid and corrosion.
   It protects you from poison.
 J - an uncursed ring of poison resistance
 O - an uncursed amulet of resist corrosion
Magical devices
 o - a wand of teleportation (3)
 q - a wand of disintegration (14)
 y - a wand of heal wounds (8)
 C - a wand of teleportation (5)
 E - a wand of teleportation (3)
 S - a wand of digging (19)
 T - a wand of digging (9)
Scrolls
 a - a scroll of enchant weapon
 e - 6 scrolls of amnesia
 h - 3 scrolls of magic mapping
 j - 7 scrolls of identify
 p - 7 scrolls of remove curse
 t - 5 scrolls of recharging
 x - 3 scrolls of holy word
 D - 6 scrolls of teleportation
 K - 5 scrolls of enchant armour
 L - 2 scrolls of fog
 P - 2 scrolls of summoning
 Q - 3 scrolls of fear
 W - a scroll of blinking
Potions
 g - 2 potions of cure mutation
 l - 6 potions of brilliance
 m - a potion of flight
 s - a potion of curing
 z - 3 potions of agility
 A - a potion of berserk rage
 B - 3 potions of might
 H - a potion of magic
 M - 5 potions of resistance
Books
 b - a book of Flames

   Spells                             Type                      Level
   a - Flame Tongue                   Conjuration/Fire             1
   b - Throw Flame                    Conjuration/Fire             2
   c - Conjure Flame                  Conjuration/Fire             3
   d - Inner Flame                    Hexes/Fire                   3
   e - Sticky Flame                   Conjuration/Fire             4
   f - Fireball                       Conjuration/Fire             5
 v - a book of Annihilations

   Spells                             Type                      Level
   a - Poison Arrow                   Conjuration/Poison           6
   b - Chain Lightning                Conjuration/Air              8
   c - Lehudib's Crystal Spear        Conjuration/Earth            8
   d - Glaciate                       Conjuration/Ice              9
   e - Fire Storm                     Conjuration/Fire             9
 N - a book of Dreams

   Spells                             Type                      Level
   a - Ensorcelled Hibernation        Hexes/Ice                    2
   b - Phase Shift                    Translocation                5
   c - Shadow Creatures               Summoning                    5
   d - Silence                        Hexes/Air                    5
   e - Darkness                       Hexes                        6
   f - Mass Confusion                 Hexes                        6
Comestibles
 c - 8 bread rations
 i - 12 meat rations
 w - a royal jelly
 U - 16 fruits


   Skills:
 - Level 8.2 Fighting
 - Level 11.0 Dodging
 - Level 2.4 Stealth
 + Level 19.3 Spellcasting
 - Level 13.2 Conjurations
 - Level 10.2 Summonings
 - Level 12.7 Ice Magic
 - Level 7.0 Air Magic


You had 8 spell levels left.
You knew the following spells:

 Your Spells              Type           Power        Failure   Level  Hunger
a - Throw Icicle          Conj/Ice       #######.     1%          4    None
b - Spellforged Servitor  Conj/Summ      #######...   1%          7    ##.....
c - Summon Ice Beast      Ice/Summ       #######.     1%          4    None
d - Bolt of Cold          Conj/Ice       #######...   1%          6    None
e - Ensorcelled Hibernat  Hex/Ice        ######       1%          2    None
f - Condensation Shield   Ice            #######...   1%          4    None
g - Ozocubu's Armour      Chrm/Ice       ######..     1%          3    None
h - Freezing Cloud        Conj/Ice/Air   #######...   1%          6    None
i - Lehudib's Crystal Sp  Conj/Erth      ######....   69%         8    ####...


Dungeon Overview and Level Annotations

Branches:
Dungeon (15/15)            Temple (1/1) D:5            Lair (8/8) D:8
 Shoals (1/4) Lair:5       Spider (0/4) Lair:6        Slime (0/6) Lair:7
    Orc (4/4) D:11            Elf (0/3) Orc:3        Vaults (0/5) D:14
 Depths (1/5) D:15

Altars:
Ashenzari
Dithmenos
Elyvilon
Fedhas
Gozag
Kikubaaqudgha
Okawaru
Qazlal
Ru
Sif Muna
Trog
Vehumet
Yredelemnul
Zin
The Shining One
Beogh

Shops:
D:5 (   Orc:1 ?(   Orc:2 (:!   Orc:4 }=*[(


Innate Abilities, Weirdness & Mutations

You possess an exceptional clarity of mind.


Message History

The siren chants a haunting song.
You are unaffected.
The merfolk completely misses you.
Read which item? (? for menu, Esc to quit)
Okay, then.
Drink which item? (? for menu, Esc to quit)
Okay, then.
Casting: Bolt of Cold
Confirm with . or Enter, or press ? or * to list all spells.
Aiming: Freezing Cloud
Press: ? - help, Dir - move target cursor, f - you, p - merfolk There's already a cloud there.
Okay, then.
Casting: Freezing Cloud
Confirm with . or Enter, or press ? or * to list all spells.
Aiming: Bolt of Cold
Press: ? - help, Shift-Dir - straight line, f/p - merfolk
Aim: a merfolk, wielding a trident (blue smoke, severely wounded)
The bolt of cold misses the merfolk.
The siren hits you from afar with a vampiric trident.
You die...

≈.≈≈....≈≈≈≈........#
≈≈≈≈...§§§≈≈≈....##...#
≈≈≈≈≈...§§≈≈≈....##.≈≈..
≈≈≈≈≈..§§§≈≈≈......≈≈≈≈≈.
≈≈≈≈≈≈≈§≈≈≈≈≈)..##§≈≈≈≈≈≈
≈≈≈≈≈≈≈≈§≈≈≈≈≈.###)≈...≈≈
≈≈≈≈≈≈≈≈§m≈≈≈......≈.≈≈
≈≈≈≈≈≈≈§§§....))≈≈≈≈≈
.≈≈≈≈.§@8...≈..≈≈≈≈≈
...≈.§§###)(....≈≈..
##.≈≈m# #((≈...≈...
#.≈≈≈.# ##.≈≈≈≈≈≈≈..
m≈≈≈≈≈÷##.≈≈≈..≈≈≈≈.
≈≈≈≈≈≈≈..÷.........P
≈≈≈≈≈≈≈≈≈≈.≈≈...###P
≈≈≈≈≈≈≈≈≈≈≈≈≈≈..#
≈≈≈≈≈≈≈≈≈≈≈≈≈≈≈≈≈.


You could see a merfolk and a siren.

Vanquished Creatures
  An orc warlord (Orc:4)
  The ghost of kae the Executioner, a powerful HOFi of Qazlal (Lair:6)
  Nessos (D:13)
  A merfolk impaler (Shoals:1)
  An ettin (Orc:4)
  3 vault guards (D:14)
  5 hydras
  A rakshasa (Depths:1)
  A merfolk aquamancer (Shoals:1)
  Erica (D:9)
  3 centaur warriors (D:14)
  4 death yaks (Lair:8)
  Urug (D:12)
  5 orc high priests
  A skeletal warrior (D:14)
  An unseen horror (D:15)
  A lindwurm (Volcano)
  9 harpies (Shoals:1)
  9 hill giants
  4 deep elf conjurers (D:15)
  3 orc knights (Bailey)
  3 ugly things
  4 orc sorcerers
  2 cyclopes
  2 manticores (D:15)
  A griffon (Lair:8)
  2 centaur zombies
  3 elephants
  A siren (Shoals:1)
  2 black mambas (Lair:1)
  Psyche (D:12)
  10 spiny frogs
  6 gargoyles
  2 komodo dragons
  2 yaktaurs
  2 efreet
  A kobold demonologist (Orc:3)
  2 fire drakes
  A spriggan druid (Lair:8)
  3 merfolk (Shoals:1)
  2 two-headed ogres
  7 trolls
  9 blink frogs
  A shadow (D:11)
  3 wraiths
  25 yaks
  3 slime creatures (Depths:1)
  3 redbacks (Lair:8)
  2 fire elementals (Volcano)
  5 spriggans (Lair:8)
  A wyvern (D:15)
  A deep elf mage (D:14)
  3 basilisks
  Grum (D:9)
  2 wargs
  23 wolves
  12 hippogriffs
  16 water moccasins
  A soldier ant (D:13)
  37 orc warriors
  10 porcupines
  2 phantoms
  An ice beast (D:12)
  6 sky beasts
  2 wasps
  A black bear (Lair:8)
  3 necrophages
  8 ogres
  2 centaurs
  11 crocodiles
  20 giant frogs
  10 big kobolds
  17 killer bees
  3 scorpions
  32 orc priests
  2 hounds
  2 quasits
  2 crimson imps (D:8)
  3 iguanas
  6 wights (D:10)
  25 orc wizards
  2 giant frog skeletons
  A centaur skeleton (D:12)
  Natasha (thrice) (D:4)
  2 hell rats (Lair:4)
  5 sheep
  11 worker ants
  A big kobold zombie (Ossuary)
  A hound zombie (D:9)
  A worker ant zombie (D:8)
  Robin (D:2)
  3 gnolls (D:8)
  19 river rats
  2 shadow imps
  14 adders
  An ooze (D:1)
  2 adder zombies (Ossuary)
  An adder skeleton (D:4)
  11 worms
  6 giant geckos
  164 orcs
  A ball python (D:3)
  7 bats
  2 gnoll zombies (Ossuary)
  15 goblins
  8 hobgoblins
  7 jackals
  18 kobolds
  7 quokkas
  10 giant cockroaches
  3 giant newts
  2 hobgoblin zombies (Ossuary)
  2 orc zombies (Ossuary)
  6 rats
  3 fungi
  7 plants
781 creatures vanquished.

Vanquished Creatures (collateral kills)
  Maud (D:10)
  A vault guard (D:14)
  5 hydras
  Erolcha (Orc:1)
  A great orb of eyes (Depths:1)
  An ice dragon (Depths:1)
  An ogre mage (D:15)
  3 death yaks (Lair:5)
  2 hill giants
  A lindwurm (Lair:8)
  Pikel (D:4)
  A harpy (Shoals:1)
  3 orc knights (Orc:4)
  A wolf spider zombie (D:13)
  An ugly thing (D:14)
  A griffon (Lair:6)
  A cyclops (D:11)
  9 elephants
  A centaur zombie (D:14)
  2 molten gargoyles (Volcano)
  A gargoyle (Volcano)
  8 spiny frogs
  5 komodo dragons
  A queen bee (shapeshifter) (Depths:1)
  3 fire drakes (Lair:8)
  2 two-headed ogres
  4 polar bears (Lair:8)
  6 blink frogs
  2 redbacks (Lair:8)
  20 yaks
  3 spriggans (Lair:8)
  A fire elemental (Volcano)
  A wyvern (D:11)
  11 wolves
  2 hippogriffs
  3 water moccasins
  6 swamp worms (Lair:2)
  Duvessa (D:4)
  A phantom (D:7)
  A porcupine (Lair:1)
  5 black bears
  A sky beast (D:8)
  2 wasps (Lair:8)
  6 orc warriors
  5 centaurs
  2 necrophages (D:10)
  4 crocodiles
  2 big kobolds (Orc:3)
  3 ogres
  A wyvern zombie (D:8)
  2 water moccasin zombies
  4 giant frogs
  Dowan (D:4)
  A scorpion (D:7)
  7 killer bees
  A troll zombie (D:10)
  A giant frog zombie (D:5)
  A crimson imp (D:15)
  A quasit (D:6)
  A hound (D:10)
  2 human zombies (D:10)
  3 orc wizards
  A giant frog skeleton (D:7)
  An orc priest (D:5)
  An iguana (D:8)
  A worker ant (D:8)
  2 human skeletons (D:10)
  2 hell rats (Lair:4)
  16 sheep
  3 big kobold zombies (Ossuary)
  2 hound zombies
  4 mummies
  A gnoll (D:8)
  An adder (D:10)
  27 river rats
  2 adder zombies (Ossuary)
  10 worms (Lair:2)
  3 adder skeletons
  35 orcs
  A gnoll zombie (Ossuary)
  6 hobgoblin zombies (Ossuary)
  A kobold (Orc:3)
  A kobold zombie (Ossuary)
  8 orc zombies
  A quokka skeleton (D:8)
  2 fungi
  2 plants (Lair:2)
310 creatures vanquished.

Vanquished Creatures (others)
  A kobold demonologist (D:11)
  2 human simulacra (D:11)
  85 fungi
  27 plants
115 creatures vanquished.

Grand Total: 1206 creatures vanquished

Notes
Turn   | Place    | Note
--------------------------------------------------------------
     0 | D:1      | dpvblackbelt the Deep Elf Ice Elementalist began the quest for the Orb.
     0 | D:1      | Reached XP level 1. HP: 10/10 MP: 6/6
   254 | D:1      | Reached skill level 4 in Ice Magic
   254 | D:1      | Reached XP level 2. HP: 15/15 MP: 5/8
   610 | D:2      | Reached XP level 3. HP: 10/19 MP: 5/9
   846 | D:2      | Learned a level 2 spell: Throw Frost
   852 | D:2      | Found a stormy altar of Qazlal.
   858 | D:2      | Found a blossoming altar of Fedhas.
   880 | D:2      | Reached skill level 5 in Ice Magic
  1052 | D:2      | Reached XP level 4. HP: 17/24 MP: 7/10
  1058 | D:2      | Learned a level 4 spell: Summon Ice Beast
  1316 | D:2      | Found a glowing golden altar of the Shining One.
  1385 | D:2      | Noticed Robin
  1401 | D:2      | Killed Robin
  1587 | D:3      | Found a glowing silver altar of Zin.
  1593 | D:3      | Reached skill level 6 in Ice Magic
  1757 | D:3      | Reached skill level 1 in Summonings
  1784 | D:3      | Reached XP level 5. HP: 23/28 MP: 0/11
  2167 | D:3      | Found a deep blue altar of Sif Muna.
  2327 | D:4      | Noticed Natasha
  2333 | D:4      | Killed Natasha
  2356 | D:4      | Noticed Natasha
  2361 | D:4      | Killed Natasha
  2554 | D:4      | Noticed Natasha
  2559 | D:4      | Killed Natasha
  2598 | D:4      | Noticed Dowan
  2606 | D:4      | Noticed Duvessa
  2606 | D:4      | Killed Dowan
  2606 | D:4      | Reached XP level 6. HP: 28/32 MP: 7/12
  2640 | D:4      | Killed Duvessa
  2738 | D:4      | Noticed an ogre
  2744 | D:4      | Killed an ogre
  2744 | D:4      | Reached skill level 5 in Summonings
  2840 | D:4      | Noticed Pikel
  2847 | D:4      | Noticed a slave
  2857 | D:4      | Killed Pikel
  2857 | D:4      | Reached skill level 7 in Summonings
  2857 | D:4      | Reached XP level 7. HP: 36/36 MP: 1/13
  2971 | D:4      | Learned a level 4 spell: Throw Icicle
  3055 | D:4      | Noticed a freed slave
  3061 | D:5      | Entered Level 5 of the Dungeon
  3164 | D:5      | Found a staircase to the Ecumenical Temple.
  3716 | D:5      | Found Onoot's Antique Weapon Emporium.
  4118 | Temple   | Entered the Ecumenical Temple
  4132 | Temple   | Became a worshipper of Vehumet
  4326 | D:6      | Found a sand-covered staircase.
  4334 | Ossuary  | Entered an ossuary
  4938 | Ossuary  | Acquired Vehumet's first power
  4938 | Ossuary  | Offered knowledge of Shock by Vehumet.
  4938 | Ossuary  | Reached XP level 8. HP: 12/41 MP: 5/16
  5818 | D:6      | Reached skill level 5 in Conjurations
  7203 | D:7      | Reached skill level 8 in Conjurations
  7265 | D:7      | Reached skill level 5 in Spellcasting
  7508 | D:7      | Offered knowledge of Sting by Vehumet.
  7790 | D:7      | Reached XP level 9. HP: 45/45 MP: 13/21
  8435 | D:8      | Offered knowledge of Stone Arrow by Vehumet.
  8552 | D:8      | Reached skill level 9 in Spellcasting
  8559 | D:8      | Learned a level 2 spell: Ensorcelled Hibernation
  8564 | D:8      | Learned a level 4 spell: Condensation Shield
  8568 | D:8      | Learned a level 3 spell: Ozocubu's Armour
  8718 | D:8      | Found an iron altar of Okawaru.
  8729 | D:8      | Found a staircase to the Lair.
  8830 | Lair:1   | Entered Level 1 of the Lair of Beasts
  8841 | Lair:1   | Reached skill level 1 in Fighting
  8846 | Lair:1   | Acquired Vehumet's second power
  8999 | Lair:1   | Noticed a spiny frog
  9015 | Lair:1   | Killed a spiny frog
  9586 | Lair:1   | Reached skill level 5 in Fighting
  9614 | Lair:1   | Noticed a spiny frog
  9642 | Lair:2   | Reached XP level 10. HP: 40/59 MP: 5/25
  9757 | Lair:2   | Noticed a fire drake
  9763 | Lair:2   | Killed a fire drake
  9924 | Lair:2   | Offered knowledge of Inner Flame by Vehumet.
  9924 | Lair:2   | Reached skill level 5 in Dodging
 10649 | Lair:2   | Got a wavering ivory ring
 10666 | Lair:2   | Noticed a seven-headed hydra
 10674 | Lair:2   | Killed a seven-headed hydra
 11018 | Lair:2   | Acquired Vehumet's third power
 12241 | Lair:1   | Offered knowledge of Conjure Flame by Vehumet.
 12262 | Lair:1   | Reached skill level 10 in Ice Magic
 12660 | D:4      | Got an aquamarine-encrusted leather armour
 12661 | D:4      | Identified the +1 leather armour of Miarrami {-Cast rN+ MP+9 SInv} (You found it on level 4 of the Dungeon)
 12662 | D:4      | Identified the ring of Happiness {+Inv Slay+2} (You found it on level 2 of the Lair of Beasts)
 12729 | D:4      | Noticed a freed slave
 13277 | Lair:4   | Reached skill level 11 in Ice Magic
 13352 | Lair:4   | Reached XP level 11. HP: 27/63 MP: 3/26
 13492 | Lair:4   | Noticed a five-headed hydra
 13499 | Lair:4   | Killed a five-headed hydra
 13616 | Lair:4   | Noticed a seven-headed hydra
 13623 | Lair:4   | Killed a seven-headed hydra
 14189 | Lair:4   | Reached skill level 12 in Ice Magic
 15063 | Lair:5   | Found a staircase to the Shoals.
 15081 | Lair:5   | Offered knowledge of Freezing Cloud by Vehumet.
 15089 | Lair:5   | Learned a level 6 spell: Freezing Cloud
 15386 | Lair:5   | Reached skill level 1 in Air Magic
 15410 | Lair:5   | Noticed a death yak
 15426 | Lair:5   | Killed a death yak
 15545 | Lair:5   | Noticed a death yak
 15554 | Lair:5   | Noticed a death yak
 16195 | Lair:5   | HP: 2/63 [spiny frog (4)]
 16662 | Lair:5   | Reached skill level 5 in Air Magic
 16730 | Lair:5   | Noticed a five-headed hydra
 16742 | Lair:5   | Killed a five-headed hydra
 16932 | Lair:5   | Killed a death yak
 16937 | Lair:5   | Killed a death yak
 17703 | Lair:6   | Reached XP level 12. HP: 57/71 MP: 3/27
 17949 | Lair:6   | Noticed kae's ghost (powerful HOFi)
 17962 | Lair:6   | Killed kae's ghost
 18013 | Lair:6   | Found a hole to the Spider Nest.
 18400 | Lair:6   | You fall through a shaft for 2 floors!
 18400 | Lair:8   | Entered Level 8 of the Lair of Beasts
 18514 | Lair:8   | Found a dark tunnel.
 18519 | Volcano  | Entered a volcano
 19030 | Lair:7   | Reached skill level 10 in Dodging
 19188 | Lair:7   | Noticed a five-headed hydra
 19204 | Lair:7   | Killed a five-headed hydra
 19601 | Lair:7   | Reached skill level 10 in Spellcasting
 19675 | Lair:7   | Noticed a five-headed hydra
 19682 | Lair:7   | Killed a five-headed hydra
 19683 | Lair:7   | Found a white marble altar of Elyvilon.
 20048 | Lair:7   | Found a staircase to the Slime Pits.
 20566 | Lair:8   | Offered knowledge of Irradiate by Vehumet.
 20838 | Lair:8   | Reached XP level 13. HP: 14/76 MP: 21/31
 21109 | Lair:8   | Noticed a seven-headed hydra
 21120 | Lair:8   | Killed a seven-headed hydra
 21533 | Lair:8   | Reached skill level 13 in Spellcasting
 22493 | Lair:8   | Reached skill level 14 in Spellcasting
 23454 | Lair:8   | Reached skill level 15 in Spellcasting
 24312 | Lair:8   | Reached skill level 10 in Conjurations
 24957 | Lair:1   | Killed a spiny frog
 24986 | Lair:1   | Offered knowledge of Fireball by Vehumet.
 25281 | D:9      | Found a shattered altar of Ashenzari.
 25854 | D:9      | Noticed Grum
 25857 | D:9      | Killed Grum
 26451 | D:9      | Noticed Erica
 26469 | D:9      | Killed Erica
 26677 | D:9      | Reached XP level 14. HP: 82/82 MP: 21/35
 26962 | D:10     | Entered Level 10 of the Dungeon
 26973 | D:10     | Noticed Maud
 26985 | D:10     | Killed Maud
 27080 | D:10     | Got an ichor-stained scale mail
 27081 | D:10     | Identified the cursed +1 scale mail "Xele" {rElec rN+} (You found it on level 10 of the Dungeon)
 27114 | D:10     | Gained mutation: You possess an exceptional clarity of mind. [potion of beneficial mutation]
 27304 | D:10     | Found an ancient bone altar of Kikubaaqudgha.
 28484 | Lair:1   | Noticed a black mamba
 28488 | Lair:1   | Killed a black mamba
 29217 | D:11     | Found a staircase to the Orcish Mines.
 29376 | Orc:1    | Entered Level 1 of the Orcish Mines
 29387 | D:11     | Offered knowledge of Spellforged Servitor by Vehumet.
 29400 | D:11     | Learned a level 7 spell: Spellforged Servitor
 29454 | Orc:1    | Found Poegaiko's Antique Weapon Boutique.
 29480 | Orc:1    | Noticed Erolcha
 29491 | Orc:1    | Found Alipoq's Magic Scroll Boutique.
 29520 | Orc:1    | Found a flagged portal.
 29552 | Bailey   | Entered a bailey
 30141 | Bailey   | Got a pair of dazzling gloves
 30171 | Bailey   | Identified the cursed +0 pair of gloves of the Blessed Realm {rElec rF- Int+5} (You found it in a bailey)
 30348 | Orc:1    | Killed Erolcha
 30579 | Orc:1    | Bought a scroll of blinking for 112 gold pieces
 30579 | Orc:1    | Bought a scroll of holy word for 112 gold pieces
 30918 | Orc:2    | Found Lyrigir's Weapon Boutique.
 30930 | Orc:2    | Found Uriugh's Book Boutique.
 30934 | Orc:2    | Found Rerunofett's Distillery.
 30958 | Orc:2    | Bought a potion of curing for 45 gold pieces
 31283 | Orc:3    | Found a staircase to the Elven Halls.
 31417 | Orc:3    | Found a roughly hewn altar of Beogh.
 31866 | Orc:3    | Offered knowledge of Bolt of Cold by Vehumet.
 31874 | Orc:3    | Learned a level 6 spell: Bolt of Cold
 32296 | Orc:4    | Entered Level 4 of the Orcish Mines
 32871 | Orc:4    | Found Bobbeibb's Gadget Boutique.
 32929 | Orc:3    | Offered knowledge of Delayed Fireball by Vehumet.
 33532 | Orc:4    | Noticed an orc warlord
 33746 | Orc:4    | Killed an orc warlord
 34666 | Orc:4    | Reached skill level 10 in Summonings
 34678 | Orc:4    | Found Usihiomp's Antique Armour Boutique.
 34678 | Orc:4    | Found Mojaeg's General Store.
 34678 | Orc:4    | Found Maoroen's Antique Weapon Boutique.
 34678 | Orc:4    | Found Reczoeli's Jewellery Shop.
 34684 | Orc:4    | Bought a scroll of teleportation for 42 gold pieces
 34705 | Orc:4    | Bought an uncursed ring of wizardry for 450 gold pieces
 34707 | Orc:4    | Bought the amulet "Boinwela" {rCorr rPois} for 468 gold pieces
 34950 | Orc:2    | Bought a book of Annihilations for 1214 gold pieces
 35941 | D:11     | Offered knowledge of Ozocubu's Refrigeration by Vehumet.
 37011 | D:12     | Got a brightly glowing quarterstaff
 37012 | D:12     | Identified the cursed +0 quarterstaff of Pysy {flame, rC+ rN++ MP+9 Int+3} (You found it on level 12 of the Dungeon)
 37109 | D:12     | Noticed Urug
 37112 | D:12     | Killed Urug
 37193 | D:12     | Noticed Psyche
 37198 | D:12     | Killed Psyche
 37367 | D:13     | Reached XP level 15. HP: 88/88 MP: 30/36
 37475 | D:13     | Noticed Nessos
 37479 | D:13     | Killed Nessos
 37677 | D:13     | Got a fine scimitar
 37678 | D:13     | Identified the +10 scimitar of Yredelemnul's Favour {freeze, rF+} (You found it on level 13 of the Dungeon)
 37930 | D:13     | Found a blossoming altar of Fedhas.
 38201 | D:14     | Reached skill level 16 in Spellcasting
 38211 | D:14     | Learned a level 8 spell: Lehudib's Crystal Spear
 38263 | D:14     | Found a gate to the Vaults.
 38287 | D:14     | Offered knowledge of Glaciate by Vehumet.
 38287 | D:14     | Offered knowledge of Shatter by Vehumet.
 38287 | D:14     | Offered knowledge of Tornado by Vehumet.
 38414 | D:14     | Upgraded the game from 0.17-a0-1850-g688e747 to 0.17-a0-1863-g715b4b0
 38451 | D:14     | Reached skill level 17 in Spellcasting
 39244 | D:15     | Entered Level 15 of the Dungeon
 39324 | D:15     | Found a shadowy altar of Dithmenos.
 39717 | D:15     | Found a staircase to the Depths.
 39986 | D:15     | Reached skill level 18 in Spellcasting
 40450 | Depths:1 | Entered Level 1 of the Depths
 41648 | Shoals:1 | Entered Level 1 of the Shoals
 41790 | Shoals:1 | Reached skill level 19 in Spellcasting
 42195 | Shoals:1 | HP: 3/88 [something (13)]
 42205 | Shoals:1 | Slain by a siren

Vault maps used:
D:1:      lightli_arrival_windingriver, serial_park_tiny_pond
D:2:      grunt_temple_overflow_forces_of_nature,
          nicolae_overflow_crystal_walls, uniq_robin
D:3:      lemuel_blue_sif_altar, lemuel_crystal_altar
D:4:      serial_bayou_crossing, uniq_natasha, uniq_duvessa, uniq_pikel
D:5:      minmay_temple_entry_statues_fountains, serial_shops, shop, first_bread
D:6:      nicolae_ossuary_entry_plus, dk_vineyard_3,
          hangedman_abyss_or_decor_passed, st_stairs_13
D:8:      kennysheep_mini_moat, lair_0_dummy
D:9:      overflow_temple_1_default, blue_anna_alchemist, lightli_minifort,
          uniq_grum, uniq_erica
D:10:     lemuel_mausoleum_altar_kikubaaqudgha, uniq_maud
D:11:     david_orc_3, bh_circular_ruins
D:12:     uniq_psyche, uniq_urug
D:13:     minivault_11, fedhas_altar_4, uniq_nessos
D:14:     lightli_vaults_fourway_checkpoint, minmay_misc_feat_plants,
          small_statue_intersection
D:15:     grunt_enter_depths_magical_seal, grunt_dithmenos_smoke_and_mirrors
Temple:   circular_temple_pool_12
Lair:1:   grunt_megastairs_4
Lair:2:   worms_lemuel
Lair:5:   minmay_shoals_entry_centaurs, st_stairs_11, beast_lair_carwin_3
Lair:6:   nicolae_spider_entry_non_spiders, grunt_megastairs_1
Lair:7:   slime_dummy, basic_altar
Lair:8:   minmay_lair_end_enchanted_forest, enter_volcano_4, lookout_lair_type,
          st_stairs_4
Orc:1:    enter_bailey_2, serial_shops, shop_fountains, shop, uniq_erolcha
Orc:2:    serial_shops, shop, shop_statue, shop, shop
Orc:3:    nicolae_orc_accident_2, special_room, nicolae_orc_pool_cavern
Orc:4:    st_orc_congregation, serial_shops, shop
Depths:1: abyss_entry, hangedman_tar_grid_catacomb, abandoned_shop,
          minmay_guarded_unrand_dyrovepreva, uniq_jorgrun, uniq_sojobo
Ossuary:  ossuary_tomb_2
Bailey:   bailey_polearm_1, bailey
Volcano:  volcano_aerie

Action                   |  1- 3 |  4- 6 |  7- 9 | 10-12 | 13-15 || total
-------------------------+-------+-------+-------+-------+-------++-------
Melee: Unarmed           |     3 |       |       |       |       ||     3
       Dagger            |    18 |    53 |    47 |       |       ||   118
       Whip              |       |       |   155 |   133 |    29 ||   317
       Staff             |       |       |       |       |    38 ||    38
       Quarterstaff      |       |       |       |       |     3 ||     3
 Cast: Freeze            |    36 |    63 |   124 |   132 |   119 ||   474
       Throw Frost       |       |    12 |    42 |   205 |   444 ||   703
       Summon Ice Beast  |       |     6 |    58 |   154 |   113 ||   331
       Throw Icicle      |       |       |     8 |     8 |   398 ||   414
       Condensation Shie |       |       |     1 |     3 |     2 ||     6
       Ozocubu's Armour  |       |       |     1 |     3 |     2 ||     6
       Freezing Cloud    |       |       |       |    23 |    63 ||    86
       Spellforged Servi |       |       |       |       |    21 ||    21
       Bolt of Cold      |       |       |       |       |    25 ||    25
Evoke: Wand              |       |       |       |     6 |     1 ||     7
  Use: Potion            |       |       |    18 |     7 |     5 ||    30
       Scroll            |       |       |    12 |    13 |    15 ||    40
 Stab: Sleeping          |     5 |     6 |     3 |     4 |     1 ||    19
       Distracted        |       |       |     3 |     2 |       ||     5
  Eat: Chunk             |       |     5 |    13 |    19 |    55 ||    92
       Bread ration      |       |     1 |     2 |     2 |     1 ||     6
       Fruit             |       |       |     9 |     4 |    12 ||    25
       Beef jerky        |       |       |       |     2 |     1 ||     3
       Pizza             |       |       |       |     1 |       ||     1
       Meat ration       |       |       |       |     2 |     1 ||     3
